 Dungeon Crawl Stone Soup version 0.31-a0-236-g9a0961fb85 (webtiles) character file.

Game seed: 13689719966573084414

44 Shard1697 the Chopper (level 4, -3/38 HPs)
             Began as a Meteoran Fighter on July 10, 2023.
             Slain by a worm (9 damage)
             ... on level 2 of the Dungeon.
             The game lasted 00:01:11 (303 turns).

Shard1697 the Chopper (Meteoran Fighter)             Turns: 303, Time: 00:01:13

Health: -3/38      AC:  6    Str: 20    XL:     4   Next: 8%
Magic:  5/5        EV:  9    Int:  9    God:
Gold:   34         SH:  5    Dex: 13    Spells: 3/3 levels left

rFire   . . .        a - +0 war axe
rCold   . . .        c - +0 buckler
rNeg    . . .        b - +0 scale mail
rPois   .            (no helmet)
rElec   .            (no cloak)
rCorr   .            (no gloves)
SInv    .            (no boots)
Will    .....        (no amulet) Stlth
                     (no ring)
HPRegen 0.26/turn    (no ring)
MPRegen 0.09/turn

%: no passive effects
@: glowing
A: sense surroundings 1, otherworldly, glowing, explore regen
a: no special abilities


You were on level 2 of the Dungeon.
You visited 1 branch of the dungeon, and saw 2 of its levels.

You collected 34 gold pieces.

Inventory:

Hand Weapons
 a - a +0 war axe (weapon)
Armour
 b - a +0 scale mail (worn)
 c - a +0 buckler (worn)
Scrolls
 g - a scroll of identify {unknown}
Potions
 d - a potion of might
 e - a potion of lignification {unknown}
 f - 2 potions of mutation {unknown}


   Skills:
 - Level 3.2 Fighting
 + Level 4.7 Axes
 - Level 3.6 Armour
 - Level 3.6 Shields


You had 3 spell levels left.
You didn't know any spells.
Your spell library contained the following spells:

 Spells                   Type           Power      Damage    Failure   Level
 Slow                     Hex            0%         N/A       80%         1
 Confusing Touch          Hex            0%         N/A       99%         3
 Vampiric Draining        Necr           0%         2d6       99%         3


Dungeon Overview and Level Annotations

Branches:
Dungeon (2/15) Zot: 882

Altars:


Innate Abilities, Weirdness & Mutations

You passively map a small area around you.
You are easily found by Zot.
You glow in the dark.
You regain HP and MP as you explore.


Message History

The endoplasm moves out of view.
Things that are here:
a +0 whip; a kobold corpse; a jackal corpse You slash the gnoll!
The gnoll is heavily wounded.
The gnoll barely misses you.
You hit the gnoll.
The gnoll is almost dead.
You block the gnoll's attack. The gnoll hits you but does no damage.
You barely miss the gnoll.
The gnoll is almost dead.
You barely miss the worm. The gnoll hits you but does no damage.
The worm bites you!
You hit the gnoll but do no damage.
The gnoll is almost dead.
You hit the gnoll. You slash the worm! The gnoll closely misses you.
The worm bites you.
You are too injured to fight recklessly!
You are too injured to fight recklessly!
You are too injured to fight recklessly!
You are too injured to fight recklessly!
You are too injured to fight recklessly!
You slash the gnoll!
You kill the gnoll!
You barely miss the gnoll. You hit the worm.
A frilled lizard comes into view.
A gnoll comes into view. It is wielding a +0 spear.
The gnoll hits you with a +0 club. The endoplasm freezes you.
You are frozen.
The gnoll barely misses you.
You have reached level 4!
The endoplasm attacks as you move away! The endoplasm hits you.
* * * LOW HITPOINT WARNING * * *
The frilled lizard hisses angrily.
The gnoll hits you but does no damage. The gnoll attacks as you move away!
You block the gnoll's attack. The endoplasm attacks as you move away!
The endoplasm hits you.
* * * LOW HITPOINT WARNING * * *
The worm bites you!
You die...

, * ,#.##.#, , # * ##
#..#.######.# * *, #
...#.......#.... , .,,
,................ , . #.*
*#,#....#..# ..# ..# #.###
*#.###.....###.# *
....#.#.. #.....##.......
>..l....#######....#†....#
,
...g..)Jg@.........#.....#
.......)w#######...#.....#
,.........†....##.........#
..............##########.#
..............# #...
..............# #...
..............# #...
..............# #...
..............# #...


You could see a worm, 2 gnolls, an endoplasm and a frilled lizard.

Vanquished Creatures
  An adder (D:2)
  A gnoll (D:2)
  A ball python (D:1)
  2 bats (D:1)
  An endoplasm (D:1)
  5 goblins
  A hobgoblin (D:1)
  4 jackals (D:2)
  2 kobolds
  2 frilled lizards (D:1)
  3 rats
23 creatures vanquished.

Notes
Turn   | Place    | Note
-------+----------+-------------------------------------------
     0 | D:1      | Shard1697 the Meteoran Fighter began the quest for the Orb.
     0 | D:1      | Reached XP level 1. HP: 19/19 MP: 2/2
   130 | D:1      | Reached skill level 3 in Axes
   130 | D:1      | Reached XP level 2. HP: 25/26 MP: 3/3
   254 | D:2      | Reached skill level 4 in Axes
   254 | D:2      | Reached XP level 3. HP: 31/31 MP: 4/4
   302 | D:2      | Reached XP level 4. HP: 12/38 MP: 5/5
   303 | D:2      | Slain by a worm

Illustrated notes

Levels and vault maps discovered:
D:1:      dpeg_arrival_orchard, layout_loops_corners, serial_park_tiny_2,
          kennysheep_doodads, minmay_tiny_reverse_x
D:2:      layout_basic, serial_shops, shop, kennysheep_generic_room_8

Skill      XL: |  1  2 |
---------------+-------+-----
Axes           | 3 4 |  4.7
Fighting       | |  3.2
Armour         | |  3.6
Shields        | |  3.6

Action                     |  1- 3 |  4- 6 || total
---------------------------+-------+-------++-------
  Melee: War axe           |    41 |       ||    41
 Armour: Scale mail        |    26 |     1 ||    27
  Dodge: Dodged            |    16 |       ||    16
  Block: Buckler           |    11 |     1 ||    12

Table legend: (Time is in decaauts)
 A = Elapsed time spent in this place.
 B = Non-inter-level travel time spent in this place.
 C = Inter-level travel time spent in this place.
 D = Time resting spent in this place.
 E = Time spent auto-exploring this place.
 F = Levels seen in this place.
 G = Mean time per level.
                   A        B        C        D        E       F      G
               +--------+--------+--------+--------+--------+-----+--------+
         Total |    317 |    317 |      0 |      0 |      9 |   2 |  158.5 |
       Dungeon |    317 |    317 |      0 |      0 |      9 |   2 |  158.5 |
               +--------+--------+--------+--------+--------+-----+--------+

Top non-repeatable levels by time:
     D:1: 182 daAuts
     D:2: 134 daAuts
